 Dungeon Crawl Stone Soup version 0.29-a0-817-g9904bce7a6 (webtiles) character file.

Game seed: 9409080047894907612

327 LynnLen the Covert (level 6, -16/32 HPs)
             Began as a Vampire Enchanter on July 5, 2022.
             Demolished by Duvessa
             ... wielding a +0 short sword
              (19 damage)
             ... on level 4 of the Dungeon on July 6, 2022.
             The game lasted 00:19:55 (3799 turns).

LynnLen the Covert (Vampire Enchanter)              Turns: 3799, Time: 00:19:56

Health: -16/32     AC:  4    Str:  5 (7)  XL:     6   Next: 24%
Magic:  10/10      EV: 12    Int: 15 (17) God:
Gold:   234        SH:  0    Dex: 15 (17) Spells: 3/10 levels left

rFire   . . .      SeeInvis +   a - +4 dagger
rCold   + + +      Faith    .   (no shield)
rNeg    + + +      Spirit   .   i - +0 leather armour
rPois   ∞          Reflect  .   (no helmet)
rElec   .          Harm     +   p - scarf {harm}
rCorr   .          Rampage  .   l - +0 pair of gloves
Will    .....                   (no boots)
Stlth   ++++++....              b - amulet of Amorality {rC+ Regen+ Slay+3}
HPRegen 0.00/turn               (no ring)
MPRegen 0.12/turn               (no ring)

@: bloodless, inhibited regen
A: bloodless, fangs 3, see invisible, vampiric 2
a: Bat Form, Revivify


You were on level 4 of the Dungeon.
You visited 2 branches of the dungeon, and saw 5 of its levels.

You collected 234 gold pieces.

Inventory:

Hand Weapons
 a - a +4 dagger (weapon)
Armour
 i - a +0 leather armour (worn)
 l - a +0 pair of gloves (worn)
 p - a scarf of harm (worn)
Jewellery
 b - the amulet of Amorality (around neck) {rC+ Regen+ Slay+3}
   (You acquired it on level 1 of the Dungeon)

   [amulet of regeneration]

   Slay:      It affects your accuracy & damage with ranged weapons and melee
   (+3).
   rC:        It protects you from cold.
   Regen:     It increases your rate of health regeneration.
Wands
 o - a wand of flame (19)
Scrolls
 d - a scroll of poison {unknown}
 e - a scroll of magic mapping
 g - a scroll of fog {unknown}
 h - a scroll of vulnerability {unknown}
 j - 3 scrolls of amnesia {unknown}
 m - a scroll of noise {unknown}
 n - a scroll of teleportation
Potions
 c - a potion of ambrosia
 f - a potion of lignification
 k - 2 potions of cancellation


   Skills:
 + Level 2.3 Short Blades
 + Level 3.0 Dodging
 * Level 8.9 Stealth
 * Level 2.7 Spellcasting
 * Level 0.1 Conjurations
 * Level 4.8 Hexes
 * Level 0.8 Air Magic


You had 3 spell levels left.
You knew the following spells:

 Your Spells              Type           Power      Damage    Failure   Level
a - Confusing Touch       Hex            16%        N/A       14%         3
b - Tukima's Dance        Hex            16%        N/A       14%         3
c - Shock                 Conj/Air       12%        1d3       28%         1

Your spell library contained the following spells:

 Spells                   Type           Power      Damage    Failure   Level
 Ensorcelled Hibernation  Hex/Ice        18%        N/A       19%         2
 Dazzling Flash           Conj/Hex       18%        N/A       36%         3


Dungeon Overview and Level Annotations

Branches:
Dungeon (4/15)             Temple (1/1) D:4

Altars:
Ashenzari
Dithmenos
Fedhas
Gozag
Hepliaklqana
Kikubaaqudgha
Makhleb
Nemelex Xobeh
Okawaru
Qazlal
Ru
Sif Muna
Trog
Uskayaw
Vehumet
Wu Jian
Xom

Annotations:
D:2 1 runed translucent door, Crazy Yiuf
D:4 Duvessa, Edmund


Innate Abilities, Weirdness & Mutations

You do not regenerate when monsters are visible.
You are frail without blood (-20% HP).
You can heal yourself when you bite living creatures.
You are immune to poison.
You have razor-sharp teeth.
You have supernaturally acute eyesight. (SInv)
You are afflicted with vampirism and can become a bat while bloodless.


Message History

The gnoll moves out of view.
A gnoll comes into view. It is wielding a +0 club.
You hear a shout!
The gnoll shouts!
The gnoll shouts!
The gnoll misses you.
A giant cockroach comes into view.
There is a shaft here.
Duvessa rages.
You hear a shout!
You hear a shout!
You hear a bark!
You hear a shout!
You hear a shout!
There is a stone staircase leading up here.
You hear a bark!
You fly upwards.
There is a stone staircase leading down here.
You start resting.
HP restored.
Okay, then.
You feel less batty.
Your +4 dagger unmelds from your body.
Your scarf of harm unmelds from your body.
Your +0 pair of gloves unmelds from your body.
Your +0 leather armour unmelds from your body.
You climb downwards.
Level annotation: Duvessa, Edmund The hound barks!
Duvessa hits you with a +0 short sword. x2
There is a stone staircase leading up here.
You barely miss Duvessa. You bite Duvessa, but do no damage.
Duvessa is lightly wounded.
Duvessa hits you with a +0 short sword!
Ouch! That really hurt!
* * * LOW HITPOINT WARNING * * *
You hit Duvessa but do no damage.
Duvessa is lightly wounded.
Duvessa misses you. Duvessa hits you with a +0 short sword!
Ouch! That really hurt!
You die...

... .###.###..#..#.e
#..#
.......#....##..
#... .... ......##..
##..####.##.#
#......
#.......B.h##
##.....
##......[..###......
#...............#§..
##..............#..§
#$.@.h..............
#...e...#..#..##...§
#.......####### #..≈
##.###..# .≈≈ ##
#.|... ≈≈≈ ...####
≈≈ ....# ###.## ###


You could see Duvessa (berserk), 2 hounds and a giant cockroach.

Vanquished Creatures
  Dowan (D:4)
  An orc priest (D:3)
  Jessica (D:2)
  Terence (D:2)
  Natasha (twice) (D:1)
  4 gnolls
  3 adders
  2 worms
  9 orcs
  6 endoplasms
  3 giant cockroaches
  7 goblins
  7 hobgoblins
  5 jackals
  2 kobolds
  3 quokkas
  6 ball pythons
  2 bats
  2 frilled lizards (D:1)
  3 rats
70 creatures vanquished.

Notes
Turn   | Place    | Note
-------+----------+-------------------------------------------
     0 | D:1      | LynnLen the Vampire Enchanter began the quest for the Orb.
     0 | D:1      | Reached XP level 1. HP: 13/13 MP: 3/3
   332 | D:1      | Reached XP level 2. HP: 4/15 MP: 5/5
   587 | D:1      | Reached skill level 5 in Stealth
   712 | D:1      | Found a faded altar of an unknown god.
   741 | D:1      | Got Plato's Essays on the Sky
   993 | D:1      | Identified a scroll of acquirement
   993 | D:1      | Acquired the amulet of Amorality {rC+ Regen+ Slay+3}
  1168 | D:2      | Noticed Natasha
  1248 | D:2      | Noticed a crimson imp
  1251 | D:1      | Killed Natasha
  1252 | D:1      | Reached skill level 6 in Stealth
  1252 | D:1      | Gained mutation: You are afflicted with vampirism and can
                  | become a bat while bloodless. [Vampire growth]
  1252 | D:1      | Reached XP level 3. HP: 6/19 MP: 6/6
  1419 | D:2      | Noticed Terence
  1422 | D:2      | Killed Terence
  1423 | D:2      | Reached XP level 4. HP: 24/24 MP: 7/7
  1493 | D:2      | Noticed Jessica
  1500 | D:2      | Killed Jessica
  1501 | D:2      | Reached skill level 7 in Stealth
  1692 | D:2      | Found a runed translucent door.
  1693 | D:2      | Noticed Crazy Yiuf
  1765 | D:1      | Noticed Natasha
  1767 | D:1      | Reached XP level 5. HP: 20/28 MP: 8/8
  1773 | D:1      | Killed Natasha
  1942 | D:1      | Learned a level 3 spell: Confusing Touch
  1946 | D:1      | Learned a level 3 spell: Tukima's Dance
  1948 | D:1      | Learned a level 1 spell: Shock
  1989 | D:2      | Reached skill level 8 in Stealth
  2911 | D:3      | Reached XP level 6. HP: 32/32 MP: 9/9
  3174 | D:4      | Noticed Duvessa
  3174 | D:4      | Noticed Dowan
  3184 | D:4      | Killed Dowan
  3189 | D:4      | Noticed Edmund
  3282 | D:4      | Found a staircase to the Ecumenical Temple.
  3287 | Temple   | Entered the Ecumenical Temple
  3799 | D:4      | Demolished by Duvessa

Illustrated notes

Levels and vault maps discovered:
D:1:      minmay_arrival_hallway, layout_basic,
          shapermc_ecumenical_altar_rom_forum
D:2:      layout_loops_ring, uniq_terence, uniq_jessica, uniq_natasha,
          uniq_crazy_yiuf_cottage
D:3:      kennysheep_six_static_rooms, layout_loops_ring
D:4:      layout_cave_pools, minmay_temple_entry_wispy, lemuel_old_faithful,
          uniq_edmund, uniq_duvessa
Temple:   nicolae_temple_slightly_damp_pantheon

Skill      XL: |  1  2  3  4  5 |
---------------+----------------+-----
Stealth        | 6 7 8 |  8.9
Short Blades   | 2 |  2.3
Dodging        | 3 |  3.0
Spellcasting   | |  2.7
Conjurations   | |  0.1
Hexes          | |  4.8
Air Magic      | |  0.8

Action                   |  1- 3 |  4- 6 || total
-------------------------+-------+-------++-------
Melee: Dagger            |    59 |    82 ||   141
       Bite              |     4 |     8 ||    12
       Punch             |     1 |     1 ||     2
 Cast: Shock             |       |     5 ||     5
       Confusing Touch   |       |     1 ||     1
 Abil: Exsanguinate      |     1 |       ||     1
       End Transformatio |       |     1 ||     1
       Bat Form          |       |     1 ||     1
  Use: Potion            |     3 |     1 ||     4
       Scroll            |     6 |     6 ||    12
 Stab: Sleeping          |    14 |    25 ||    39
       Invisible         |     1 |       ||     1
Armor: Leather armour    |     5 |     9 ||    14
       Robe              |     5 |       ||     5
Dodge: Dodged            |    34 |    47 ||    81

Table legend: (Time is in decaauts)
 A = Elapsed time spent in this place.
 B = Non-inter-level travel time spent in this place.
 C = Inter-level travel time spent in this place.
 D = Time resting spent in this place.
 E = Time spent auto-exploring this place.
 F = Levels seen in this place.
 G = Mean time per level.
                   A        B        C        D        E       F      G
               +--------+--------+--------+--------+--------+-----+--------+
         Total |   3767 |   3767 |      0 |    520 |   1427 |   5 |  753.4 |
       Dungeon |   3468 |   3468 |      0 |    520 |   1293 |   4 |  867.0 |
        Temple |    298 |    298 |      0 |      0 |    134 |   1 |  298.0 |
               +--------+--------+--------+--------+--------+-----+--------+

Top non-repeatable levels by time:
     D:1: 1353 daAuts
     D:2: 918 daAuts
     D:3: 918 daAuts
  Temple: 298 daAuts
     D:4: 278 daAuts
